 Dungeon Crawl Stone Soup version 0.23-a0-391-g8c51ad5 (webtiles) character file.

95 BingusPrime the Ruffian (level 4, -4/35 HPs)
             Began as a Draconian Transmuter on Oct 30, 2018.
             Killed by divine providence
             ... invoked by an orc priest
              (14 damage)
             ... on level 3 of the Dungeon.
             The game lasted 00:07:40 (3072 turns).

BingusPrime the Ruffian (Draconian Transmuter)      Turns: 3072, Time: 00:07:40

Health: -4/35      AC:  5    Str: 13    XL:     4   Next: 40%
Magic:  7/7        EV: 13    Int: 13    God:
Gold:   122        SH:  0    Dex: 12    Spells: 5/8 levels left

rFire    . . .     SeeInvis .     - Unarmed
rCold    . . .     Gourm    .   (no shield)
rNeg     . . .     Faith    .   (armour unavailable)
rPois    .         Spirit   .   (helmet restricted)
rElec    .         Reflect  .   (no cloak)
rCorr    .         Harm     .   (no gloves)
MR       +....                  (no boots)
Stlth    +.........             d - amulet of magic regeneration
HPRegen  0.11/turn              h - ring of protection from magic
MPRegen  0.35/turn              f - +1 ring of evasion

@: very slightly contaminated
A: unfitting armour, cold-blooded, AC +5
a: no special abilities


You were on level 3 of the Dungeon.
You were hungry.

You visited 1 branch of the dungeon, and saw 4 of its levels.

You collected 122 gold pieces.

Inventory:

Missiles
 a - 41 arrows
Jewellery
 d - an amulet of magic regeneration (around neck)
 f - a +1 ring of evasion (right hand)
 h - a ring of protection from magic (left hand)
Scrolls
 b - a scroll of amnesia {unknown}
Potions
 e - 3 potions of curing {unknown}
 g - a potion of heal wounds {unknown}
 i - a potion of cancellation {unknown}
 j - a potion of flight {unknown}
 l - 2 potions of agility {unknown}
 o - 2 potions of magic {unknown}
 p - a potion of might {unknown}
Comestibles
 c - 3 rations


   Skills:
 + Level 1.1 Fighting
 + Level 2.5 Dodging
 * Level 4.0 Unarmed Combat
 - Level 2.5 Spellcasting
 * Level 2.6 Transmutations


You had 5 spell levels left.
You knew the following spells:

 Your Spells              Type           Power        Failure   Level  Hunger
a - Beastly Appendage     Tmut           #.....       9%          1    #......
b - Sticks to Snakes      Tmut           #.......     12%         2    ###....

Your spell library contained the following spells:

 Spells                   Type           Power        Failure   Level  Hunger
 Spider Form              Tmut/Pois      #.........   38%         3    ###....
 Ice Form                 Ice/Tmut       #.......     80%         4    #####..
 Blade Hands              Tmut           #.........   92%         5    ######.


Dungeon Overview and Level Annotations

Branches:
Dungeon (4/15)
 Temple: D:4-7

Altars:
Cheibriados
Gozag
Trog


Innate Abilities, Weirdness & Mutations

Your plain brown scales are hard. (AC +5)
You cannot fit into any form of body armour.
You are cold-blooded and may be slowed by cold attacks.


Message History

The orc priest is moderately wounded.
You hit the orc priest but do no damage.
The orc priest is moderately wounded.
The orc priest closely misses you.
You hit the orc priest.
You headbutt the orc priest, but do no damage.
You tail-slap the orc priest.
The orc priest is almost dead.
Your horns disappear.
The orc priest mumbles some strange prayers to Beogh against you.
You resist with some effort.
You hit the orc priest but do no damage.
The orc priest is almost dead.
The orc priest hits you with a +0 mace.
* * * LOW HITPOINT WARNING * * *
You hit the orc priest but do no damage.
The orc priest is almost dead.
The orc priest invokes the aid of Beogh against you.
Beogh smites you!
You die...

#..........# #...)...##....
#..........## #######.##....
#...........# #.##....
#...........############.##....
###..........#...........##....
#.......#..#.############....
#####'#.#..#.#....#.....'....
#.#.#..o.#.#.##.#####....
#.#)#.#.@#.#.##.# #....
#.#........#.##.# #.<..
#.######.###.##.########.
#.......<# #.##........##
########## #......####.#
#.####.# #.# ####...# #.# #.###
#.# #.# #.#


You could see an orc priest.

Vanquished Creatures
  An adder (D:3)
  2 oozes
  A worm (D:2)
  4 dart slugs
  A leopard gecko (D:2)
  2 orcs (D:4)
  2 giant cockroaches
  6 goblins
  6 hobgoblins
  2 quokkas
  4 ball pythons
  10 bats
  4 frilled lizards
  8 kobolds
  9 rats
62 creatures vanquished.

Vanquished Creatures (collateral kills)
  A worm (D:3)
1 creature vanquished.

Grand Total: 63 creatures vanquished

Notes
Turn   | Place    | Note
-------+----------+-------------------------------------------
     0 | D:1      | BingusPrime the Draconian Transmuter began the quest for
                  | the Orb.
     0 | D:1      | Reached XP level 1. HP: 16/16 MP: 3/3
   313 | D:1      | Reached XP level 2. HP: 18/23 MP: 1/5
   387 | D:1      | Learned a level 2 spell: Sticks to Snakes
   949 | D:1      | Reached XP level 3. HP: 22/28 MP: 6/6
  1648 | D:2      | Found a snail-covered altar of Cheibriados.
  1875 | D:2      | Found an opulent altar of Gozag.
  2155 | D:3      | Reached XP level 4. HP: 30/35 MP: 7/7
  2343 | D:3      | Reached skill level 4 in Unarmed Combat
  2662 | D:3      | Found a bloodstained altar of Trog.
  3072 | D:3      | Killed from afar by an orc priest

Vault maps used:
D:1:      zelgadis_glass_arrival_small, serial_co_window_serial,
          co_window_of_opportunity_a, co_window_corner_a, co_window_paths_b,
          co_window_corner_a, co_window_paths_a, co_window_broadway_b,
          co_window_cross_4, co_window_broadway_a, co_window_corner_ca,
          co_window_2corner, co_window_corner_b, glass_columns_a,
          glass_columns_a
D:2:      nicolae_gozag_seed_capital, kennysheep_slug_shrine
D:3:      nicolae_overflow_crystal_walls
D:4:      minmay_temple_entry_enclosed_plants, uniq_blork_the_orc, uniq_natasha,
          uniq_duvessa, uniq_ijyb, uniq_grinder

Skill      XL: |  1  2  3  4 |
---------------+-------------+-----
Dodging        | 2 |  2.5
Unarmed Combat | 4 |  4.0
Fighting       | |  1.1
Spellcasting   | |  2.5
Transmutations | |  2.6

Action                   |  1- 3 |  4- 6 || total
-------------------------+-------+-------++-------
Melee: Unarmed           |   144 |    54 ||   198
       Kick              |    14 |     5 ||    19
       Tailslap          |    10 |     6 ||    16
       Punch             |     4 |     1 ||     5
       Headbutt          |     3 |     2 ||     5
 Cast: Beastly Appendage |    33 |    12 ||    45
       Sticks to Snakes  |     2 |     2 ||     4
  Use: Scroll            |       |     5 ||     5
 Stab: Sleeping          |       |     1 ||     1
  Eat: Chunk             |     4 |       ||     4
       Ration            |       |     1 ||     1
Armor: Skin              |    52 |    10 ||    62
Dodge: Dodged            |    89 |    32 ||   121

Table legend:
 A = Non-vault XP
 B = Vault XP
 C = Vault XP percentage of total XP
 D = Non-vault monster count
 E = Vault monster count
 F = Vault count percentage of total count
                 A         B        C        D         E       F
            +---------+---------+-------+---------+---------+-------
      Total |     133 |       4 |   2.9 |      62 |       1 |   1.6
            +---------+---------+-------+---------+---------+-------
        D:1 |      45 |       0 |   0.0 |      23 |       0 |   0.0
        D:2 |      46 |       4 |   8.0 |      23 |       1 |   4.2
        D:3 |      36 |       0 |   0.0 |      14 |       0 |   0.0
        D:4 |       6 |       0 |   0.0 |       2 |       0 |   0.0
            +---------+---------+-------+---------+---------+-------
